General information
			
			
        
        - name: BNet
 
        - type: Ladder team game (AT/RT)
 
        - host: Battle.net
 
        - saver: SDFWESDER
 
        
map: Friends 
        - players: 8
 
        - length: 13:48
 
        - speed: Fast
 - version: 1.22 W3XP
 - replay type:  Public
 
» download(165 KB)
Players
        team 1 (loser) 
              
              
298739283939208 (
teal | 82 APM | 1124 actions | 13:46)
              
 2 Warden 
 1 Shadow Strike
 1 Blink
 
                » actions 
                
                | Assign group hotkey | 34 |  | 
| Basic commands | 1 |  | 
| Build / train | 23 |  | 
| Enter build submenu | 7 |  | 
| Enter hero's abilities submenu | 2 |  | 
| Right click | 498 |  | 
| Select / deselect | 186 |  | 
| Select group hotkey | 349 |  | 
| Use ability | 24 |  | 
                1124 total
 » units 
                » buildings
                
                | Altar of Elders | 1 |  | 
| Moon Well | 1 |  | 
| Ancient of War | 2 |  | 
| Tree of Life | 2 |  | 
                6 total
 » build order
                00:10 Altar of Elders
00:22 Moon Well
05:47 Ancient of War
06:07 Ancient of War
10:02 Tree of Life
10:56 Tree of Life
 
               
              
              
DIRTMCWORDUP (
yellow | 134 APM | 1851 actions | 13:45)
              
 2 Shadow Hunter 
 1 Hex
 1 Healing Wave
 2 Tauren Chieftain 
 1 Endurance Aura
 1 Shockwave
 
                » actions 
                
                | Assign group hotkey | 19 |  | 
| Basic commands | 69 |  | 
| Build / train | 51 |  | 
| Enter build submenu | 18 |  | 
| Enter hero's abilities submenu | 4 |  | 
| Right click | 816 |  | 
| Select / deselect | 254 |  | 
| Select group hotkey | 568 |  | 
| Use ability | 52 |  | 
                1851 total
 » units 
                
                | Peon | 8 |  | 
| Grunt | 6 |  | 
| Kodo Beast | 1 |  | 
| Tauren | 5 |  | 
| Shaman | 1 |  | 
| Troll Witch Doctor | 1 |  | 
                22 total
 » upgrades
                
                | Melee Weapons | 1 |  | 
| Armor | 1 |  | 
| Shaman Training | 2 |  | 
| Witch Doctor Training | 3 |  | 
| Pulverize | 1 |  | 
| War Drums Damage Increase | 1 |  | 
| Spirit Walker Training | 1 |  | 
                10 total
 » buildings
                
                | Altar of Storms | 1 |  | 
| Orc Burrow | 6 |  | 
| Barracks | 1 |  | 
| Stronghold | 1 |  | 
| War Mill | 1 |  | 
| Fortress | 2 |  | 
| Spirit Lodge | 2 |  | 
| Beastiary | 1 |  | 
| Tauren Totem | 2 |  | 
| Watch Tower | 1 |  | 
                18 total
 » build order
                00:07 Altar of Storms
00:13 Orc Burrow
00:35 Barracks
01:07 Orc Burrow
02:26 Stronghold
02:59 Orc Burrow
03:03 War Mill
04:47 Fortress
04:47 Fortress
05:14 Spirit Lodge
05:15 Spirit Lodge
05:39 Beastiary
06:04 Orc Burrow
06:06 Orc Burrow
06:10 Orc Burrow
07:13 Tauren Totem
08:33 Tauren Totem
08:46 Watch Tower
» items
                
                | Scroll of Speed | 1 |  | 
| Lesser Clarity Potion | 6 |  | 
| Healing Salve | 1 |  | 
                8 total
  
               
              
              
wsa.hidan (
blue | 70 APM | 955 actions | 13:43)
              
 2 Blademaster 
 1 Wind Walk
 1 Critical Strike
 
                » actions 
                
                | Assign group hotkey | 35 |  | 
| Basic commands | 1 |  | 
| Build / train | 16 |  | 
| Enter build submenu | 11 |  | 
| Enter hero's abilities submenu | 2 |  | 
| Right click | 547 |  | 
| Select / deselect | 93 |  | 
| Select group hotkey | 213 |  | 
| Use ability | 37 |  | 
                955 total
 » units 
                » buildings
                
                | Altar of Storms | 1 |  | 
| Orc Burrow | 1 |  | 
| Voodoo Lounge | 1 |  | 
| War Mill | 1 |  | 
| Watch Tower | 5 |  | 
                9 total
 » build order
                00:08 Altar of Storms
00:22 Orc Burrow
00:25 Voodoo Lounge
02:09 War Mill
04:30 Watch Tower
04:54 Watch Tower
04:56 Watch Tower
05:34 Watch Tower
05:52 Watch Tower
» items
                
                | Healing Salve | 1 |  | 
| Lesser Clarity Potion | 2 |  | 
                3 total
  
               
              
              
YEAHSHESASSBATS (
red | 127 APM | 1754 actions | 13:47)
              
 3 Death Knight 
 2 Death Coil
 1 Unholy Aura
 2 Lich 
 1 Frost Nova
 1 Dark Ritual
 1 Dreadlord 
 1 Sleep
 
                » actions 
                
                | Assign group hotkey | 23 |  | 
| Basic commands | 113 |  | 
| Build / train | 49 |  | 
| ESC pressed | 1 |  | 
| Enter build submenu | 14 |  | 
| Enter hero's abilities submenu | 6 |  | 
| Right click | 895 |  | 
| Select / deselect | 286 |  | 
| Select group hotkey | 300 |  | 
| Use ability | 67 |  | 
                1754 total
 » units 
                
                | Acolyte | 2 |  | 
| Ghoul | 2 |  | 
| Crypt Fiend | 7 |  | 
| Frost Wyrm | 6 |  | 
                17 total
 » upgrades
                
                | Burrow | 1 |  | 
| Web | 1 |  | 
| Creature Attack | 2 |  | 
| Creature Carapace | 2 |  | 
                6 total
 » buildings
                
                | Crypt | 1 |  | 
| Graveyard | 1 |  | 
| Altar of Darkness | 1 |  | 
| Ziggurat | 7 |  | 
| Tomb of Relics | 1 |  | 
| Nerubian Tower | 1 |  | 
| Halls of the Dead | 2 |  | 
| Spirit Tower | 5 |  | 
| Black Citadel | 1 |  | 
| Sacrificial Pit | 1 |  | 
| Boneyard | 2 |  | 
                23 total
 » build order
                00:08 Crypt
00:19 Graveyard
00:32 Altar of Darkness
00:37 Ziggurat
01:07 Tomb of Relics
01:51 Ziggurat
01:57 Nerubian Tower
02:33 Halls of the Dead
02:33 Halls of the Dead
02:50 Ziggurat
03:12 Spirit Tower
03:14 Ziggurat
03:41 Ziggurat
03:43 Spirit Tower
03:55 Ziggurat
04:03 Ziggurat
04:06 Spirit Tower
04:54 Black Citadel
04:59 Spirit Tower
05:19 Spirit Tower
05:27 Sacrificial Pit
07:22 Boneyard
07:30 Boneyard
» items
                
                | Rod of Necromancy | 2 |  | 
| Dust of Appearance | 3 |  | 
| Sacrificial Skull | 1 |  | 
| Orb of Corruption | 1 |  | 
| Potion of Mana | 1 |  | 
                8 total
  
               team 2 (winner) 
              
              
beli (
pink | 100 APM | 1382 actions | 13:48)
              
 4 Tauren Chieftain 
 2 Endurance Aura
 2 War Stomp
 
                » actions 
                
                | Assign group hotkey | 17 |  | 
| Basic commands | 133 |  | 
| Build / train | 51 |  | 
| ESC pressed | 1 |  | 
| Enter build submenu | 7 |  | 
| Enter hero's abilities submenu | 4 |  | 
| Right click | 492 |  | 
| Select / deselect | 328 |  | 
| Select group hotkey | 266 |  | 
| Use ability | 83 |  | 
                1382 total
 » units 
                
                | Peon | 11 |  | 
| Troll Headhunter/Berserker | 8 |  | 
                19 total
 » upgrades
                
                | Ranged Weapons | 3 |  | 
| Armor | 2 |  | 
| Troll Regeneration | 1 |  | 
| Berserker Upgrade | 1 |  | 
| Reinforced Defenses | 1 |  | 
                8 total
 » buildings
                
                | Altar of Storms | 1 |  | 
| Orc Burrow | 3 |  | 
| War Mill | 1 |  | 
| Barracks | 2 |  | 
| Voodoo Lounge | 1 |  | 
| Stronghold | 4 |  | 
| Fortress | 2 |  | 
                14 total
 » build order
                00:10 Altar of Storms
00:20 Orc Burrow
00:49 War Mill
01:36 Barracks
01:37 Barracks
01:53 Orc Burrow
03:54 Orc Burrow
04:13 Voodoo Lounge
06:02 Stronghold
06:02 Stronghold
08:34 Fortress
08:35 Fortress
» items
                
                | Healing Salve | 3 |  | 
| Orb of Lightning | 1 |  | 
| Potion of Mana | 1 |  | 
| Potion of Healing | 1 |  | 
| Scroll of Town Portal | 1 |  | 
| Lesser Clarity Potion | 1 |  | 
                8 total
  
               
              
              
» 
DASOCKBANDIT (
purple | 124 APM | 1718 actions | 13:48)
              
 4 Blademaster 
 2 Wind Walk
 2 Critical Strike
 
                » actions 
                
                | Assign group hotkey | 21 |  | 
| Build / train | 50 |  | 
| Enter build submenu | 12 |  | 
| Enter hero's abilities submenu | 4 |  | 
| Right click | 647 |  | 
| Select / deselect | 278 |  | 
| Select group hotkey | 633 |  | 
| Use ability | 73 |  | 
                1718 total
 » units 
                
                | Peon | 12 |  | 
| Grunt | 7 |  | 
| Troll Batrider | 16 |  | 
                35 total
 » upgrades
                » buildings
                
                | Altar of Storms | 1 |  | 
| Orc Burrow | 5 |  | 
| Barracks | 2 |  | 
| Stronghold | 2 |  | 
| Beastiary | 3 |  | 
| Voodoo Lounge | 1 |  | 
                14 total
 » build order
                00:05 Altar of Storms
00:23 Orc Burrow
00:41 Barracks
01:41 Orc Burrow
02:11 Barracks
03:35 Orc Burrow
04:19 Stronghold
05:57 Orc Burrow
06:51 Beastiary
06:53 Beastiary
08:05 Voodoo Lounge
08:16 Beastiary
08:18 Orc Burrow
» items
                
                | Healing Salve | 2 |  | 
| Lesser Clarity Potion | 3 |  | 
| Scroll of Speed | 1 |  | 
                6 total
  
               
              
              
» 
FML-KiLLiN (
orange | 159 APM | 2190 actions | 13:48)
              
 3 Mountain King 
 2 Storm Bolt
 1 Bash
 
                » actions 
                
                | Assign group hotkey | 21 |  | 
| Basic commands | 55 |  | 
| Build / train | 44 |  | 
| Enter build submenu | 15 |  | 
| Enter hero's abilities submenu | 3 |  | 
| Right click | 1085 |  | 
| Select / deselect | 237 |  | 
| Select group hotkey | 693 |  | 
| Use ability | 37 |  | 
                2190 total
 » units 
                
                | Peasant | 7 |  | 
| Rifleman | 14 |  | 
| Sorceress | 3 |  | 
| Mortar Team | 2 |  | 
| Spell Breaker | 4 |  | 
                30 total
 » upgrades
                » buildings
                
                | Altar of Kings | 1 |  | 
| Farm | 7 |  | 
| Barracks | 1 |  | 
| Blacksmith | 1 |  | 
| Scout Tower | 1 |  | 
| Arcane Tower | 1 |  | 
| Keep | 3 |  | 
| Lumber Mill | 1 |  | 
| Arcane Sanctum | 1 |  | 
| Castle | 1 |  | 
| Workshop | 1 |  | 
| Arcane Vault | 1 |  | 
                20 total
 » build order
                00:11 Altar of Kings
00:38 Farm
01:18 Barracks
01:21 Blacksmith
01:27 Farm
01:49 Farm
02:27 Scout Tower
03:25 Arcane Tower
03:39 Farm
03:41 Farm
05:38 Keep
05:38 Keep
05:38 Keep
05:58 Lumber Mill
08:52 Arcane Sanctum
09:15 Castle
09:27 Workshop
09:29 Farm
09:30 Farm
11:42 Arcane Vault
» items
                 
               
              
              
» 
SDFWESDER (
green | 161 APM | 2226 actions | 13:48)
              
 2 Keeper of the Grove 
 1 Entangling Roots
 1 Thorns Aura
 
                » actions 
                
                | Assign group hotkey | 258 |  | 
| Basic commands | 3 |  | 
| Build / train | 44 |  | 
| ESC pressed | 7 |  | 
| Enter build submenu | 15 |  | 
| Enter hero's abilities submenu | 2 |  | 
| Right click | 1291 |  | 
| Select / deselect | 172 |  | 
| Select group hotkey | 394 |  | 
| Use ability | 40 |  | 
                2226 total
 » units 
                » upgrades
                
                | Moon Armor | 1 |  | 
| Strength of the Wild | 1 |  | 
| Reinforced Hides | 1 |  | 
| Abolish Magic | 1 |  | 
                4 total
 » buildings
                
                | Altar of Elders | 1 |  | 
| Moon Well | 5 |  | 
| Hunter's Hall | 1 |  | 
| Ancient of War | 2 |  | 
| Tree of Ages | 4 |  | 
| Ancient of Lore | 2 |  | 
| Tree of Life | 2 |  | 
                17 total
 » build order
                00:10 Altar of Elders
00:20 Moon Well
01:29 Hunter's Hall
01:44 Ancient of War
02:13 Ancient of War
02:34 Moon Well
04:20 Moon Well
05:19 Tree of Ages
05:19 Tree of Ages
07:36 Moon Well
08:42 Ancient of Lore
08:42 Ancient of Lore
09:25 Tree of Life
09:52 Tree of Life
11:21 Moon Well
» items
                
                | Scroll of Town Portal | 1 |  | 
| Scroll of Regeneration | 1 |  | 
                2 total
  
                Chat log
          
(02:16 / All) 298739283939208: i got satinni
(13:41 / All) wsa.hidan: gg
(13:43 / All) DASOCKBANDIT: bitches got owned
(13:43 / All) SDFWESDER: gg
(13:44 / All) FML-KiLLiN: gg